AoeStats
← Matx108

Arena

510442538Analyzed
2v2 RM · 1d ago on Oct 1, 2026· 35m 25s· 4 players
Game mode
Random Map
Map size
Medium (4 player)
Population
200
Speed
Normal
Resources
Standard
Victory
Conquest
Starting age
Dark Age
Ending age
Imperial Age
RankedLock teamsTeams togetherTeam positionsShared explorationLock speedFull tech treeHidden civsTurbo modeCheats
Victory
Defeat
🇨🇴 Teutons · Colombia
584
+19
🇨🇴 Britons · Colombia
545
+19
🇨🇱 Maya · Chile
662
-20
🇨🇱 Bohemians · Chile
615
-18
Matx108
7:38 Loom
9:58 Feudal Age
11:35 Double-Bit Axe
11:40 Horse Collar
20:16 Castle Age
22:21 Heavy Plow
22:32 Bow Saw
34:52 Murder Holes
Rigby
12:00 Feudal Age
14:39 Horse Collar
15:21 Double-Bit Axe
16:15 Gold Mining
19:31 Castle Age
24:31 Stone Mining
zXproXz
9:46 Feudal Age
10:27 Double-Bit Axe
10:25 Horse Collar
12:56 Wheelbarrow
13:42 Gold Mining
14:03 Man-at-Arms
14:29 Arson
23:58 Castle Age
23:14 Scale Mail Armor
23:25 Forging
24:19 Pikeman
24:19 Long Swordsman
29:04 Bow Saw
28:57 Heavy Plow
29:57 Gambesons
37:35 Imperial Age
YisusCreed
11:34 Feudal Age
12:07 Double-Bit Axe
12:05 Horse Collar
21:24 Castle Age
20:42 Padded Archer Armor
20:34 Fletching
21:34 Wheelbarrow
21:58 Fletching
22:03 Crossbowman
25:02 Hand Cart
25:39 Bodkin Arrow
30:30 Bow Saw
30:22 Heavy Plow
30:13 Gold Mining
30:13 Stone Mining
35:36 Fervor
Connection lost

Rejoining the realm…

Still unreachable

The connection could not be restored.

Session expired

The server has moved on; the page needs a fresh start.